 Dungeon Crawl Stone Soup version 0.23.2-30-g0e89c35649 (webtiles) character file.

Game seed: 13502657773443436376

74 Glalom the Sneak (level 4, -6/24 HPs)
             Began as a Kobold Enchanter on June 13, 2019.
             Mangled by Sigmund
             ... wielding a +2 scythe of distortion
              (20 damage)
             ... on level 3 of the Dungeon.
             The game lasted 00:13:38 (3260 turns).

Glalom the Sneak (Kobold Enchanter)                 Turns: 3260, Time: 00:13:39

Health: -6/24      AC:  2    Str:  5    XL:     4   Next: 52%
Magic:  5/7        EV: 15    Int: 16    God:
Gold:   149        SH:  0    Dex: 16    Spells: 4/7 levels left

rFire    . . .     SeeInvis .   i - +2 short sword (speed)
rCold    . . .     Gourm    .   (shield restricted)
rNeg     . . .     Faith    .   b - +0 robe
rPois    .         Spirit   .   (no helmet)
rElec    .         Reflect  .   (no cloak)
rCorr    .         Harm     .   (no gloves)
MR       .....                  (no boots)
Stlth    +++.......             (no amulet)
HPRegen  0.08/turn              (no ring)
MPRegen  0.10/turn              (no ring)

@: no status effects
A: small, carnivore
a: no special abilities


You were on level 3 of the Dungeon.
You were not hungry.

You visited 1 branch of the dungeon, and saw 3 of its levels.

You collected 149 gold pieces.

Inventory:

Hand Weapons
 a - a +1 dagger
 i - a +2 short sword of speed (weapon)
Armour
 b - a +0 robe (worn)
Scrolls
 f - 3 scrolls of identify {unknown}
 h - a scroll of enchant armour {unknown}
 k - a scroll of magic mapping {unknown}
 l - a scroll of remove curse {unknown}
 m - a scroll of noise {unknown}
 n - 2 scrolls of immolation {unknown}
Potions
 c - 2 potions of flight {unknown}
 e - 2 potions of curing {unknown}
 g - a potion of mutation {unknown}
 j - a potion of invisibility {unknown}
 o - a potion of heal wounds {unknown}
Comestibles
 d - 4 rations


   Skills:
 * Level 3.6 Short Blades
 - Level 2.4 Dodging
 + Level 4.8 Stealth
 - Level 2.1 Spellcasting
 + Level 3.4 Hexes
 + Level 1.0 Ice Magic


You had 4 spell levels left.
You knew the following spells:

 Your Spells              Type           Power        Failure   Level  Hunger
a - Corona                Hex            ##.....      4%          1    #......
b - Ensorcelled Hibernat  Hex/Ice        #.....       12%         2    ###....

Your spell library contained the following spells:

 Spells                   Type           Power        Failure   Level  Hunger
 Confuse                  Hex            ##......     14%         3    ###....
 Tukima's Dance           Hex            ##......     14%         3    ###....
 Dazzling Spray           Conj/Hex       #.....       30%         3    ###....


Dungeon Overview and Level Annotations

Branches:
Dungeon (3/15)

Altars:

Annotations:
D:3 Sigmund


Innate Abilities, Weirdness & Mutations

You are small and have problems with some larger weapons.
You are carnivorous and can eat meat at any time.


Message History

Sigmund casts a spell at you. You resist with some effort.
There is a stone staircase leading up here.
Casting: Ensorcelled Hibernation (safe; 12% risk of failure)
Confirm with . or Enter, or press ? or * to list all spells.
Aiming: Ensorcelled Hibernation (safe; 12% risk of failure)
Press: ? - help, Shift-Dir - straight line, f - Sigmund
Aim: Sigmund, wielding a +2 scythe of distortion and wearing a +2 robe of the Archmagi (chance to defeat MR: 50%) Sigmund looks drowsy...
Sigmund shouts!
Sigmund gestures wildly while chanting.
Sigmund flickers and vanishes!
Deactivating autopickup; reactivate with Ctrl-A.
You hit something but do no damage. You miss something.
You hear some strange, mumbled words.
Something tries to affect you, but you resist.
You miss something. Something hits you! Space warps horribly around you!!
Ouch! That really hurt!
You die...

##..#.##.###
#...........#
#...#....[...
####...#....##.#
####...........#
.#
#......#.#.#..##
# #.##(....#....#
#.###{#.#.#.....
#.....@...###..#?
#.........###...
#..............#
#.......<####...
#...............
#........####...
#........#
#.........
######.####


There were no monsters in sight!

Vanquished Creatures
  A worm (D:2)
  2 dart slugs (D:1)
  A leopard gecko (D:1)
  2 ball pythons (D:1)
  2 bats (D:1)
  2 giant cockroaches
  7 goblins
  6 hobgoblins
  9 jackals
  A quokka (D:2)
  A frilled lizard (D:3)
  14 kobolds
  10 rats
  A plant (D:1)
59 creatures vanquished.

Notes
Turn   | Place    | Note
-------+----------+-------------------------------------------
     0 | D:1      | Glalom the Kobold Enchanter began the quest for the Orb.
     0 | D:1      | Reached XP level 1. HP: 10/10 MP: 3/3
   453 | D:1      | Reached XP level 2. HP: 14/15 MP: 5/5
   588 | D:1      | Learned a level 2 spell: Ensorcelled Hibernation
   837 | D:1      | Reached XP level 3. HP: 16/19 MP: 6/6
  1873 | D:1      | Reached XP level 4. HP: 10/24 MP: 7/7
  2268 | D:2      | Reached skill level 1 in Ice Magic
  3170 | D:3      | Noticed Sigmund
  3260 | D:3      | Mangled by Sigmund

Skill      XL: |  1  2  3  4 |
---------------+-------------+-----
Short Blades   | 2 3 |  3.6
Ice Magic      | 1 |  1.0
Dodging        | |  2.4
Stealth        | |  4.8
Spellcasting   | |  2.1
Hexes          | |  3.4

Action                   |  1- 3 |  4- 6 || total
-------------------------+-------+-------++-------
Melee: Dagger            |   119 |       ||   119
       Short sword       |    48 |   101 ||   149
 Cast: Ensorcelled Hiber |     6 |    10 ||    16
 Stab: Sleeping          |    12 |     3 ||    15
       Distracted        |       |     1 ||     1
  Eat: Chunk             |     3 |     8 ||    11
Armor: Robe              |    10 |     1 ||    11
Dodge: Dodged            |   102 |    50 ||   152
